AoeStats
← SaltedHashedPotato

Arabia

507796608Analyzed
1v1 RM · 14d ago on Sep 19, 2026· 29m 32s· 2 players
Game mode
Random Map
Map size
Tiny (2 player)
Population
200
Speed
Normal
Resources
Standard
Victory
Conquest
Starting age
Dark Age
Ending age
Imperial Age
RankedLock teamsTeams togetherTeam positionsShared explorationLock speedFull tech treeHidden civsTurbo modeCheats
Victory
Defeat
🇺🇸 Franks · United States
823
+16
🇩🇪 Franks · Germany
818
-42
Sylanel
11:33 Feudal Age
11:59 Man-at-Arms
15:23 Loom
19:13 Double-Bit Axe
21:18 Wheelbarrow
22:06 Forging
22:01 Scale Mail Armor
22:02 Padded Archer Armor
25:08 Gold Mining
SaltedHashedPotato
12:17 Feudal Age
12:48 Double-Bit Axe
19:51 Castle Age
23:05 Husbandry
23:34 Bow Saw
23:56 Loom
27:44 Fletching
28:00 Scale Barding Armor
Connection lost

Rejoining the realm…

Still unreachable

The connection could not be restored.

Session expired

The server has moved on; the page needs a fresh start.